Map: Mundo Adormecido LE

Players

LastWave - Winner!

  • Race: Zerg Zerg
  • League: Diamond
  • Spawn Location: 1:00

LowLinK

  • Race: Protoss Protoss
  • League: Diamond
  • Spawn Location: 7:00

VOD

Have the link to the VOD?

Description

Time

  • Played on: Feb. 20, 2020, 3:14 p.m.
  • Length: 7:27
Show
View Real Time Build Order
Export as new Build Order

LastWave Zerg - Winner!

Build Orders: Hatch First 

Get SALT Encoding   

  12  0:01  Drone  
  13  0:12  Overlord  
  13  0:28  Drone  
  14  0:31  Drone x2  
  16  0:51  Hatchery  
  16  0:54  Drone  
  16  0:56  Drone  
  17  1:00  Drone  
  18  1:07  Extractor  
  17  1:16  Spawning Pool  
  16  1:19  Drone  
  16  1:23  Drone  
  18  1:32  Drone  
  19  1:44  Drone  
  20  1:54  Overlord  
  20  2:05  Drone, Queen x2  
  20  2:07  Metabolic Boost  
  25  2:13  Drone  
  25  2:15  Drone  
  27  2:19  Zergling x2  
  28  2:26  Drone  
  28  2:28  Drone  
  30  2:40  Drone x2  
  32  2:50  Drone  
  32  2:51  Drone  
  34  2:58  Queen  
  34  3:01  Pneumatized Carapace  
  34  3:03  Hatchery  
  35  3:13  Drone  
  35  3:14  Overlord  
  36  3:33  Zergling x2  
  36  3:34  Zergling x4  
  39  3:35  Drone x3  
  39  3:36  Drone x2  
  43  3:49  Overlord  
  43  4:01  Overlord  
  43  4:02  Overlord  
  43  4:21  Zergling x2  
  43  4:22  Zergling x16  
  43  4:23  Zergling x2  
  49  4:25  Queen x2  
  49  4:28  Zergling x4  
  52  4:36  Zergling x4  
  54  4:38  Zergling x6  
  54  4:39  Zergling x2  
  53  4:47  Zergling x2  
  53  4:48  Zergling x2  
  51  4:53  Zergling x2  
  51  5:06  Zergling x8  
  45  5:18  Zergling x10  
  44  5:29  Zergling x2  
  44  5:30  Zergling x6  
  44  5:34  Zergling x6  
  44  5:35  Zergling x4  
  44  5:42  Zergling x2  
  33  5:51  Zergling x2  
  33  5:52  Zergling x4  
  31  5:59  Zergling x4  
  31  6:03  Zergling x2  
  31  6:09  Zergling x4  
  31  6:12  Queen x3  
  31  6:15  Zergling x2  
  38  6:22  Zergling x4  
  38  6:23  Zergling x10  
  45  6:27  Zergling x2  
  38  6:42  Zergling x6  
  39  6:52  Zergling x4  
  39  6:53  Zergling x8  
  43  6:59  Extractor  
  43  7:00  Baneling Nest  
  37  7:04  Zergling x4  
  37  7:06  Zergling x2  
Show
View Real Time Build Order
Export as new Build Order

LowLinK Protoss 

Build Orders: Zealot Archon 

Get SALT Encoding   

  12  0:01  Probe  
  13  0:13  Probe  
  14  0:16  Pylon  
  14  0:25  Probe  
  15  0:35  Gateway  
  15  0:38  Probe (Chrono Boost)  
  16  0:47  Probe (Chrono Boost)  
  16  0:48  Assimilator  
  17  0:52  Probe (Chrono Boost)  
  17  0:56  Assimilator  
  18  1:04  Probe  
  19  1:16  Probe  
  20  1:21  Pylon  
  20  1:23  Cybernetics Core  
  20  1:30  Probe  
  21  1:42  Probe  
  22  1:53  Forge  
  23  1:54  Probe  
  23  1:55  Pylon  
  23  1:59  Warp Gate  
  23  2:04  Twilight Council  
  23  2:11  Gateway  
  23  2:15  Gateway  
  23  2:24  Protoss Ground Weapons Level 1 (Chrono Boost), Gateway  
  23  2:41  Charge  
  23  2:50  Gateway  
  23  2:54  Zealot  
  25  3:04  Gateway  
  25  3:15  Zealot  
  27  3:30  Pylon  
  26  3:50  Zealot  
  28  3:57  Templar Archives  
  28  4:03  Zealot x3  
  32  4:20  Zealot  
  30  4:34  High Templar x2  
  30  4:35  Zealot  
  36  4:44  Archon  
  36  4:45  Adept  
  38  4:52  Zealot  
  32  5:01  Zealot  
  34  5:12  Zealot x2  
  32  5:14  High Templar x2  
  36  5:26  Archon  
  34  5:28  Zealot  
  34  5:34  Zealot x2  
  32  5:44  Adept x2  
  30  5:58  Adept x3  
  30  6:14  Zealot x2  
  32  6:37  High Templar x2, Zealot x3  
  32  6:48  Archon  
  32  7:01  Stalker x3  
  28  7:06  Zealot  
  30  7:21  Zealot  
  28  7:23  Zealot  
Tags
 
Add a new tag
Caveats
  • Supply blocks, unpowered buildings, or Contaminate may cause inaccurate times.
  • Supply counts are checked every 10 seconds.